 Dungeon Crawl Stone Soup version 0.20.1-1-g8b1a95d (webtiles) character file.

444 Mimshu the Slasher (level 6, -1/56 HPs)
             Began as a Minotaur Berserker on Nov 30, 2017.
             Was a Priest of Trog.
             Slain by Pikel
             ... wielding a +1 whip of flaming
              (5 damage)
             ... on level 4 of the Dungeon.
             The game lasted 00:12:44 (4825 turns).

Mimshu the Slasher (Minotaur Berserker)             Turns: 4825, Time: 00:12:45

Health: -1/56      AC:  7    Str: 19 (22) XL:     6   Next: 72%
Magic:  5/5        EV: 10    Int:  2 (4)  God:    Trog [***...]
Gold:   204        SH:  3    Dex:  8 (11) Spells: 5/5 levels left

rFire    . . .     SeeInvis .   a - +0 falchion
rCold    . . .     Gourm    .   m - +0 buckler
rNeg     . . .     Faith    .   v - +0 scale mail
rPois    .         Spirit   .   (helmet restricted)
rElec    .         Reflect  .   (no cloak)
rCorr    .         Harm     .   (no gloves)
MR       +....                  (no boots)
Stlth    ..........             (no amulet)
Regen    0.2/turn               o - ring of protection from magic
MPRegen  0.1/turn               (no ring)

@: no status effects
A: retaliatory headbutt, horns 2
a: Berserk, Trog's Hand, Burn Spellbooks, Renounce Religion


You were on level 4 of the Dungeon.
You worshipped Trog.
Trog was most pleased with you.
You were not hungry.

You visited 1 branch of the dungeon, and saw 5 of its levels.

You collected 204 gold pieces.

Inventory:

Hand Weapons
 a - a +0 falchion (weapon)
 y - a +0 scythe
 D - a +1 spear of freezing
 F - a +2 hand axe of venom
Missiles
 n - 9 javelins (quivered)
 C - 57 sling bullets
Armour
 b - a +0 animal skin
 h - a +0 ring mail
 m - a +0 buckler (worn)
 v - a +0 scale mail (worn)
Jewellery
 o - a ring of protection from magic (left hand)
Scrolls
 d - 5 scrolls of identify
 e - 7 scrolls of remove curse {unknown}
 f - a scroll of recharging {unknown}
 g - 5 scrolls of teleportation {unknown}
 k - a scroll of immolation {unknown}
 l - 2 scrolls of random uselessness {unknown}
 q - 3 scrolls of amnesia {unknown}
 u - 2 scrolls of enchant armour {unknown}
 A - a scroll of blinking {unknown}
 B - a scroll of fear {unknown}
Potions
 i - a potion of heal wounds {unknown}
 p - a potion of haste
 w - 2 potions of curing {unknown}
 x - a potion of resistance {unknown}
 z - a potion of lignification {unknown}
Comestibles
 c - 5 bread rations
 j - 3 meat rations
 r - 3 royal jellies
 t - 3 fruits


   Skills:
 + Level 5.0 Fighting
 + Level 6.6 Long Blades
 + Level 4.7 Armour
 + Level 3.2 Dodging
 + Level 0.6 Stealth
 + Level 1.2 Shields


You had 5 spell levels left.
You didn't know any spells.

Dungeon Overview and Level Annotations

Branches:
Dungeon (5/15)             Temple (0/1) D:4

Altars:
Gozag
Nemelex Xobeh
Vehumet
Yredelemnul
Zin
The Shining One

Annotations:
D:4 exclusion: statue, Pikel


Innate Abilities, Weirdness & Mutations

You reflexively headbutt those who attack you in melee.
You have a pair of horns on your head.


Message History

The slave hits you but does no damage.
You hit the slave. Your headbutt misses the slave.
The slave is heavily wounded.
You barely miss Pikel. You barely miss Pikel.
Pikel hits you with a whip of flaming. Pikel burns you.
You barely miss Pikel. Pikel hits you with a whip of flaming.
* * * LOW HITPOINT WARNING * * *
Pikel burns you.
* * * LOW HITPOINT WARNING * * *
Pikel hits you but does no damage. Pikel hits you with a whip of flaming.
* * * LOW HITPOINT WARNING * * *
Pikel burns you.
* * * LOW HITPOINT WARNING * * *
You barely miss Pikel. Pikel hits you with a whip of flaming.
* * * LOW HITPOINT WARNING * * *
Pikel burns you.
* * * LOW HITPOINT WARNING * * *
Pikel hits you with a whip of flaming.
You die...

### ###########.# ............#
########.##.# #### #....# ...#
#.#### ##.# #.#
.#.#####.###############
...........[p.pK@.....>#
##..###########################
..............................#
###.....###################.###
#.....# #.# #.....# #.# #..####
#.# #..# ###### #.# #..#
############....# #.#


You could see Pikel and 2 slaves.

Vanquished Creatures
  Sigmund (D:3)
  A slave (D:4)
  Jessica (D:3)
  A worker ant (D:4)
  The ghost of homeworkjunkie the Skirmisher, a weakling HOFi (D:3)
  4 gnolls (D:3)
  A howler monkey skeleton (D:4)
  7 adders
  An ooze (D:2)
  2 adder skeletons (D:4)
  2 worms (D:2)
  A dart slug (D:1)
  3 leopard geckos
  12 orcs
  8 bats
  A giant cockroach (D:3)
  14 goblins
  7 hobgoblins
  6 kobolds
  2 ball pythons
  A ball python skeleton (D:4)
  2 frilled lizards (D:1)
  A leopard gecko skeleton (D:4)
  11 rats
91 creatures vanquished.

Notes
Turn   | Place    | Note
-------+----------+-------------------------------------------
     0 | D:1      | Mimshu the Minotaur Berserker began the quest for the Orb.
     0 | D:1      | Reached XP level 1. HP: 19/19 MP: 0/0
   411 | D:1      | Reached XP level 2. HP: 27/27 MP: 1/1
   578 | D:1      | Reached skill level 4 in Long Blades
  1085 | D:2      | Reached XP level 3. HP: 23/33 MP: 2/2
  1206 | D:2      | Reached ** piety under Trog
  1794 | D:2      | Reached XP level 4. HP: 41/41 MP: 3/3
  2200 | D:2      | Reached skill level 5 in Long Blades
  2262 | D:3      | Noticed Sigmund
  2272 | D:3      | Killed Sigmund
  2272 | D:3      | Reached XP level 5. HP: 32/47 MP: 4/4
  2464 | D:3      | Noticed Jessica
  2470 | D:3      | Killed Jessica
  2470 | D:3      | Reached skill level 1 in Shields
  2470 | D:3      | Reached XP level 6. HP: 55/55 MP: 5/5
  2483 | D:3      | Reached skill level 6 in Long Blades
  2645 | D:3      | Reached *** piety under Trog
  2709 | D:3      | Noticed homeworkjunkie's ghost (weakling HOFi)
  2909 | D:3      | Killed homeworkjunkie's ghost
  3129 | D:3      | Found a glowing golden altar of the Shining One.
  3136 | D:3      | Reached skill level 5 in Fighting
  3327 | D:3      | Noticed an angel
  3342 | D:3      | Found a basalt altar of Yredelemnul.
  3344 | D:3      | Noticed a profane servitor
  3527 | D:3      | Found a sparkling altar of Nemelex Xobeh.
  4239 | D:4      | Found a glowing silver altar of Zin.
  4239 | D:4      | Found an opulent altar of Gozag.
  4297 | D:4      | Found a staircase to the Ecumenical Temple.
  4414 | D:4      | Found a radiant altar of Vehumet.
  4723 | D:5      | Entered Level 5 of the Dungeon
  4723 | D:5      | Noticed Pikel
  4723 | D:5      | Noticed a slave
  4723 | D:5      | Noticed a slave
  4723 | D:5      | Noticed a slave
  4723 | D:5      | Noticed a slave
  4808 | D:4      | Killed a slave
  4825 | D:4      | Slain by Pikel

Skill      XL: |  1  2  3  4  5  6 |
---------------+-------------------+-----
Long Blades    | 4 5 6 |  6.6
Fighting       | 4 5 |  5.0
Armour         | 4 |  4.7
Dodging        | 3 |  3.2
Shields        | 1 |  1.2
Stealth        | |  0.6

Action                   |  1- 3 |  4- 6 || total
-------------------------+-------+-------++-------
Melee: Falchion          |    87 |   122 ||   209
       Headbutt          |    11 |    21 ||    32
       Spear             |       |    17 ||    17
Invok: Burn Spellbooks   |       |     1 ||     1
  Use: Scroll            |     1 |     1 ||     2
       Potion            |       |     1 ||     1
  Eat: Chunk             |     3 |     4 ||     7
       Bread ration      |       |     2 ||     2
Armor: Ring mail         |    26 |       ||    26
       Animal skin       |     1 |       ||     1
       Scale mail        |     2 |    54 ||    56
Dodge: Dodged            |    52 |    66 ||   118
Block: Buckler           |     5 |    20 ||    25
       Rpst.: Falchion   |    16 |    19 ||    35
